 Dungeon Crawl Stone Soup version 0.25.0-9-g26727b657a (webtiles) character file.

Game seed: 7083342239982982187

93 shadizar the Insei (level 4, -1/31 HPs)
             Began as an Octopode Transmuter on June 21, 2020.
             Killed from afar by a white imp (6 damage)
             ... with a puff of frost
             ... summoned by Natasha
             ... on level 2 of the Dungeon.
             The game lasted 00:01:42 (1471 turns).

shadizar the Insei (Octopode Transmuter)            Turns: 1471, Time: 00:01:43

Health: -1/31      AC:  1    Str: 10    XL:     4   Next: 62%
Magic:  6/7        EV: 13    Int: 15    God:
Gold:   24         SH:  0    Dex: 12    Spells: 6/7 levels left

rFire    . . .     SeeInvis .     - Unarmed
rCold    . . .     Gourm    .   (no shield)
rNeg     . . .     Faith    .   (helmet restricted)
rPois    .         Spirit   .   (no amulet)
rElec    .         Reflect  .   (no ring)
rCorr    .         Harm     .   (no ring)
MR       .....                  (no ring)
Stlth    ++........             (no ring)
HPRegen  0.10/turn              (no ring)
MPRegen  0.10/turn              (no ring)
                                (no ring)
                                (no ring)

@: appendage
A: almost no armour, stealthy swim, amphibious, 8 rings, constrict 8, tentacle
spike 3, camouflage 1, gelatinous body 1
a: End Transformation


You were on level 2 of the Dungeon.
You were not hungry.
One of your tentacles had a temporary spike.
You visited 1 branch of the dungeon, and saw 2 of its levels.

You collected 24 gold pieces.

Inventory:

Missiles
 a - 12 arrows
Scrolls
 b - a scroll of noise {unknown}
 e - a scroll of remove curse {unknown}
 g - a scroll of identify {unknown}
Potions
 d - a potion of invisibility {unknown}
Comestibles
 c - 2 rations
 f - 2 chunks of flesh


   Skills:
 * Level 3.5 Fighting
 - Level 2.0 Dodging
 + Level 3.8 Unarmed Combat
 - Level 2.0 Spellcasting
 - Level 2.0 Transmutations


You had 6 spell levels left.
You knew the following spells:

 Your Spells              Type           Power        Failure   Level  Hunger
a - Beastly Appendage     Tmut           #.....       10%         1    #......

Your spell library contained the following spells:

 Spells                   Type           Power        Failure   Level  Hunger
 Sticks to Snakes         Tmut           #.......     14%         2    ###....
 Spider Form              Tmut/Pois      #.........   41%         3    ###....
 Ice Form                 Ice/Tmut       #.......     82%         4    #####..
 Blade Hands              Tmut           #.........   95%         5    ######.


Dungeon Overview and Level Annotations

Branches:
Dungeon (2/15)

Altars:

Annotations:
D:2 Natasha


Innate Abilities, Weirdness & Mutations

You cannot wear most types of armour.
You are very stealthy in the water. (Stealth+)
You are amphibious.
You can wear up to eight rings at the same time.
You can use your tentacles to constrict eight enemies at once.
Your skin changes colour to match your surroundings (Stealth+).
Your rubbery body absorbs attacks. (AC +1, EV +1)
One of your tentacles bears a large vicious spike.


Message History

Your tentacle spike misses the shadow imp.
You squeeze the shadow imp!
The shadow imp is almost dead.
You tentacle-slap the shadow imp but do no damage.
You grab the shadow imp.
You pierce the shadow imp, but do no damage.
The shadow imp is almost dead.
You constrict the shadow imp. The shadow imp gestures at you.
Pain shoots through your body! The white imp barely misses you.
You are too injured to fight recklessly!
You are too injured to fight recklessly!
You release your grip on the shadow imp.
The white imp hits you but does no damage.
The shadow imp gestures at you. Pain shoots through your body!
* * * LOW HITPOINT WARNING * * *
The white imp gestures at you. The puff of frost hits you.
You die...

#####.###.........K
#<.........#.##
##..........#.#
#######>.......###..#
#..................##
#....<......##########
########.............#.
#....##.........
######@.........
#..........
###55........
#..h.........
#.#..........
...##.........
>.......$.......
....###.......... ....
#..........


You could see Natasha, a white imp (summoned) and a shadow imp (summoned).

Vanquished Creatures
  Natasha (twice) (D:2)
  An adder (D:2)
  A worm (D:2)
  2 dart slugs (D:1)
  A leopard gecko (D:1)
  4 bats
  3 giant cockroaches (D:1)
  3 hobgoblins
  A frilled lizard (D:1)
  5 goblins
  3 kobolds
  3 rats
29 creatures vanquished.

Notes
Turn   | Place    | Note
-------+----------+-------------------------------------------
     0 | D:1      | shadizar the Octopode Transmuter began the quest for the
                  | Orb.
     0 | D:1      | Reached XP level 1. HP: 13/13 MP: 3/3
   144 | D:1      | Reached XP level 2. HP: 17/19 MP: 5/5
   885 | D:1      | Reached XP level 3. HP: 25/25 MP: 6/6
  1177 | D:2      | Noticed Natasha
  1182 | D:2      | Killed Natasha
  1182 | D:2      | Reached XP level 4. HP: 20/31 MP: 5/7
  1233 | D:2      | Noticed Natasha
  1240 | D:2      | Killed Natasha
  1448 | D:2      | Noticed Natasha
  1471 | D:2      | Killed from afar by a white imp

Illustrated notes

Levels and vault maps discovered:
D:1:      dpeg_arrival_tiny_g, layout_basic
D:2:      cheibrodos_old_hovel, layout_rooms,
          chequers_ecumenical_altar_simple_redux, first_ration, uniq_natasha

Skill      XL: |  1  2  3 |
---------------+----------+-----
Fighting       | 2 3 |  3.5
Dodging        | |  2.0
Unarmed Combat | |  3.8
Spellcasting   | |  2.0
Transmutations | |  2.0

Action                   |  1- 3 |  4- 6 || total
-------------------------+-------+-------++-------
Melee: Unarmed           |    66 |    18 ||    84
       Constrict         |    20 |     6 ||    26
       Tentacles         |     4 |     6 ||    10
       Kick              |     3 |     3 ||     6
       Punch             |     1 |       ||     1
 Cast: Beastly Appendage |     2 |     4 ||     6
 Stab: Sleeping          |     4 |       ||     4
  Eat: Chunk             |     1 |     1 ||     2
Armor: Skin              |     6 |     1 ||     7
Dodge: Dodged            |    51 |    10 ||    61
